 Dungeon Crawl Stone Soup version 0.31-a0-981-geadf994542 (webtiles) character file.

Game seed: 778391680723471510

64 sammy202020 the Ruffian (level 3, 0/27 HPs)
             Began as a Demonspawn Shapeshifter on Nov 1, 2023.
             Slain by Terence
             ... wielding a +0 short sword
              (6 damage)
             ... on level 2 of the Dungeon.
             The game lasted 00:01:37 (1145 turns).

sammy202020 the Ruffian (Demonspawn Shapeshifter)   Turns: 1145, Time: 00:01:38

Health: 0/27       AC:  5    Str: 16    XL:     3   Next: 91%
Magic:  3/3        EV: 11    Int: 11    God:
Gold:   49         SH:  0    Dex: 18    Spells: 2/2 levels left

rFire   . .          .
                       - Unarmed
rCold   . . .        (no shield)
rNeg    . . .        e - +0 ring mail
rPois   .            (helmet currently unavailable)
rElec   .            (cloak currently unavailable)
rCorr   .            (gloves currently unavailable)
SInv    .            (boots currently unavailable)
Will    .....        (no amulet)
Stlth   +            f - +6 ring of dexterity
HPRegen 0.24/turn    (no ring)
MPRegen 0.08/turn

%: no passive effects
@: beast-form
A: beast (slay +1), demonic magic 1
a: Begin Untransformation


You were on level 2 of the Dungeon.
You were a hulking beast.
You visited 1 branch of the dungeon, and saw 2 of its levels.

You collected 49 gold pieces.

Inventory:

Armour
 b - a +0 helmet
 e - a +0 ring mail (worn)
Jewellery
 f - a +6 ring of dexterity (left hand)
Talismans
 c - a beast talisman (active)
 d - a flux talisman
Potions
 a - a potion of ambrosia {unknown}
 g - 4 potions of curing {unknown}
 h - 2 potions of haste {unknown}
 i - a potion of heal wounds {unknown}


   Skills:
 * Level 1.8 Fighting
 + Level 0.7 Armour
 + Level 2.1 Dodging
 * Level 3.2 Unarmed Combat
 * Level 3.1 Shapeshifting


You had 2 spell levels left.
You didn't know any spells.
Your spell library was empty.

Dungeon Overview and Level Annotations

Branches:
Dungeon (2/15)

Altars:
Xom

Annotations:
D:2 Terence


Innate Abilities, Weirdness & Mutations

You are a hulking beast.
Your limbs bulge with bestial killing power. (Slay +1)
Spells you cast may paralyse adjacent enemies.


Message History

You hit Terence.
Terence is lightly wounded.
Terence hits you with a +0 short sword.
You hit Terence.
Terence is moderately wounded.
Terence hits you but does no damage.
You hit Terence but do no damage.
Terence is moderately wounded.
Terence hits you with a +0 short sword.
You barely miss Terence.
Terence is moderately wounded.
Terence hits you with a +0 short sword.
You are too injured to fight recklessly!
You are too injured to fight recklessly!
You are too injured to fight recklessly!
You are too injured to fight recklessly!
You are too injured to fight recklessly!
You are too injured to fight recklessly!
You are too injured to fight recklessly!
You are too injured to fight recklessly!
You are too injured to fight recklessly!
You are too injured to fight recklessly!
You are too injured to fight recklessly!
You are too injured to fight recklessly!
You are too injured to fight recklessly!
You are too injured to fight recklessly!
You are too injured to fight recklessly!
You are too injured to fight recklessly!
You are too injured to fight recklessly!
You are too injured to fight recklessly!
You are too injured to fight recklessly!
You are too injured to fight recklessly!
Okay, then.
Okay, then.
You hit Terence but do no damage.
Terence is moderately wounded.
Terence hits you with a +0 short sword.
* * * LOW HITPOINT WARNING * * *
Terence attacks as he pursues you! Terence hits you with a +0 short sword.
You die...

####.##.##.#⌠#.#.#
#.......###.#.##
####.##.........
##+#####....## ##...##
####.# ##.....## #.## #.#
##.......## #..#
.....####.........####...
.......@h.........+......
##...####.........####...
## ##.......## #...
##.....######### ##.†.##
#.....# ##'## #..##.# #.#
#...... #.# #......
#######.## #..._..


You could see Terence.

Vanquished Creatures
  Robin (D:2)
  An adder (D:2)
  A worm (D:2)
  4 endoplasms
  A giant cockroach (D:2)
  12 goblins (D:2)
  4 hobgoblins (D:2)
  4 jackals (D:1)
  3 quokkas
  A ball python (D:1)
  2 rats (D:2)
34 creatures vanquished.

Notes
Turn   | Place    | Note
-------+----------+-------------------------------------------
     0 | D:1      | sammy202020 the Demonspawn Shapeshifter began the quest for
                  | the Orb.
     0 | D:1      | Reached XP level 1. HP: 15/15 MP: 1/1
   129 | D:1      | Gained mutation: Spells you cast may paralyse adjacent
                  | enemies. [demonic ancestry]
   129 | D:1      | Reached XP level 2. HP: 16/21 MP: 2/2
   634 | D:2      | Noticed Robin
   637 | D:2      | Reached XP level 3. HP: 26/26 MP: 3/3
   674 | D:2      | Killed Robin
  1043 | D:2      | Found a shimmering altar of Xom.
  1134 | D:2      | Noticed Terence
  1145 | D:2      | Slain by Terence

Illustrated notes

Levels and vault maps discovered:
D:1:      dpeg_arrival_line_fractal, layout_basic, amethyst_killhole,
          chequers_serial_rivers_micro_d, nrook_mini_vaults
D:2:      layout_loops_corners, basic_altar, skrybe_limestone_x,
          dreamdust_mushroom_princess, minmay_misc_feat_nine_boxes,
          fountainhead, feat_on_display, uniq_terence, uniq_robin,
          uniq_crazy_yiuf_cottage

Skill      XL: |  1  2 |
---------------+-------+-----
Dodging        | 2 |  2.1
Unarmed Combat | 3 |  3.2
Shapeshifting  | 3 |  3.1
Fighting       | |  1.8
Armour         | |  0.7

Action                     || total
---------------------------++-------
  Melee: Unarmed           ||   111
         Punch             ||     2
    Use: Scroll            ||     1
         Potion            ||     1
   Stab: Sleeping          ||     1
 Armour: Ring mail         ||    56
         Skin              ||     9
  Dodge: Dodged            ||    37
   Form: Beast             ||     1

Table legend: (Time is in decaauts)
 A = Elapsed time spent in this place.
 B = Non-inter-level travel time spent in this place.
 C = Inter-level travel time spent in this place.
 D = Time resting spent in this place.
 E = Time spent auto-exploring this place.
 F = Levels seen in this place.
 G = Mean time per level.
                   A        B        C        D        E       F      G
               +--------+--------+--------+--------+--------+-----+--------+
         Total |   1137 |   1137 |      0 |    286 |    638 |   2 |  568.5 |
       Dungeon |   1137 |   1137 |      0 |    286 |    638 |   2 |  568.5 |
               +--------+--------+--------+--------+--------+-----+--------+

Top non-repeatable levels by time:
     D:2: 651 daAuts
     D:1: 485 daAuts
